 Dungeon Crawl Stone Soup version 0.29-a0-82-g837932c90e (webtiles) character file.

Game seed: 15022938150132531836

57 lordive the Ducker (level 3, -5/19 HPs)
             Began as a Spriggan Abyssal Knight on Feb 4, 2022.
             Was a Believer of Lugonu.
             Killed from afar by Ijyb (9 damage)
             ... with an iceblast
             ... on level 3 of the Dungeon.
             The game lasted 00:04:22 (3460 turns).

lordive the Ducker (Spriggan Abyssal Knight)        Turns: 3460, Time: 00:04:22

Health: -5/19      AC:  2    Str:  9    XL:     3   Next: 73%
Magic:  5/5        EV: 18    Int: 13    God:    Lugonu [**....]
Gold:   70         SH:  0    Dex: 15    Spells: 2/2 levels left

rFire   . . .      SeeInvis +   a - +1 short sword
rCold   . . .      Faith    .   (no shield)
rNeg    . . .      Spirit   .   b - +0 robe
rPois   .          Reflect  .   (helmet restricted)
rElec   .          Harm     .   (no cloak)
rCorr   .          Rampage  .   (gloves unavailable)
Will    .....                   (boots unavailable)
Stlth   ++........              (no amulet)
HPRegen 0.06/turn               (no ring)
MPRegen 0.09/turn               (no ring)

@: very quick
A: very small, no large weapons, unfitting armour, see invisible, speed 3
a: Renounce Religion, Depart the Abyss, Bend Space


You were on level 3 of the Dungeon.
You worshipped Lugonu.
Lugonu was pleased with you.
You visited 1 branch of the dungeon, and saw 3 of its levels.
You visited the Abyss 1 time.

You collected 70 gold pieces.

Inventory:

Hand Weapons
 a - a +1 short sword (weapon)
 k - a +1 whip of venom
Missiles
 l - 6 boomerangs
Armour
 b - a +0 robe (worn)
Scrolls
 e - 3 scrolls of identify {unknown}
 f - 4 scrolls of teleportation {unknown}
 g - a scroll of magic mapping {unknown}
 n - a scroll of enchant armour {unknown}
Potions
 c - 2 potions of curing {unknown}
 d - a potion of flight {unknown}
 h - 3 potions of resistance {unknown}
 i - a potion of haste {unknown}
 j - a potion of heal wounds {unknown}
 m - 2 potions of mutation {unknown}


   Skills:
 + Level 2.8 Fighting
 + Level 3.0 Short Blades
 + Level 4.2 Dodging
 + Level 0.5 Stealth
 + Level 2.2 Invocations


You had 2 spell levels left.
You didn't know any spells.
Your spell library was empty.

Dungeon Overview and Level Annotations

Branches:
Dungeon (3/15)

Altars:

Annotations:
D:3 Ijyb


Innate Abilities, Weirdness & Mutations

You are very small and have problems with some larger weapons.
You are too small for most types of armour.
You have supernaturally acute eyesight. (SInv)
You cover ground extremely quickly. (Speed+++)


Message History

A hobgoblin comes into view.
The hobgoblin shouts!
You hear a shout!
You see here 12 gold pieces.
A hobgoblin is nearby!
A hobgoblin is nearby!
A hobgoblin is nearby!
You barely miss the hobgoblin.
Ijyb the Twisted Goblin comes into view.
She is wielding a +0 dagger and carrying a wand of iceblast (13).
The hobgoblin closely misses you.
You barely miss the hobgoblin. The hobgoblin closely misses you.
You barely miss the hobgoblin. The hobgoblin completely misses you.
You hit the hobgoblin.
The hobgoblin is almost dead.
The hobgoblin misses you.
You hit the hobgoblin.
You kill the hobgoblin!
Lugonu accepts your kill.
Your Short Blades skill increases to level 3!
You hit Ijyb but do no damage. You barely miss Ijyb.
Ijyb hits you with a +0 dagger.
You hit Ijyb but do no damage. Ijyb hits you with a +0 dagger.
You hit Ijyb but do no damage. Ijyb barely misses you.
You hit Ijyb.
Ijyb is lightly wounded.
Ijyb hits you with a +0 dagger.
You barely miss Ijyb.
Ijyb is lightly wounded.
Ijyb closely misses you.
You barely miss Ijyb.
Ijyb is lightly wounded.
Ijyb barely misses you.
You hit Ijyb but do no damage.
Ijyb is lightly wounded.
Ijyb hits you with a +0 dagger.
You closely miss Ijyb.
Ijyb is lightly wounded.
Ijyb hits you with a +0 dagger.
* * * LOW HITPOINT WARNING * * *
Ijyb zaps a wand.
The mass of ice explodes!
The iceblast engulfs you!
You die...

####.# #....#
#############....# #
#................# .#
#.#####.######.#.###.##+
#..............$........
#####..####....###.#.^...##
#.................g......#
#####..####...@##..#.....#
#####..####...###..#.....#
#..................#........
#.............###..#.....##.
#####..#......# #..#.....#
##..#......# #..#.....#
#........... ...#.....#
##..####...# #.###.#
#..####....


You could see Ijyb.

Vanquished Creatures
  A gnoll (D:1)
  A worm (D:2)
  4 dart slugs
  6 bats
  2 endoplasms (D:1)
  A giant cockroach (D:1)
  3 goblins
  5 hobgoblins
  3 quokkas
  3 ball pythons
  2 frilled lizards (D:2)
  3 kobolds
  2 rats
36 creatures vanquished.

Notes
Turn   | Place    | Note
-------+----------+-------------------------------------------
     0 | Abyss:1  | lordive the Spriggan Abyssal Knight began the quest for the
                  | Orb.
     0 | Abyss:1  | Reached XP level 1. HP: 11/11 MP: 3/3
    23 | D:1      | Escaped the Abyss
   347 | D:1      | Reached XP level 2. HP: 8/16 MP: 4/4
   550 | D:1      | Reached skill level 4 in Dodging
  1315 | D:2      | Reached XP level 3. HP: 19/19 MP: 5/5
  1695 | D:2      | Reached ** piety under Lugonu
  3375 | D:3      | Found a faded altar of an unknown god.
  3440 | D:3      | Noticed Ijyb
  3460 | D:3      | Killed from afar by Ijyb

Illustrated notes

Levels and vault maps discovered:
D:1:      dpeg_arrival_round_a, layout_basic, minmay_heptomino_d4
D:2:      layout_loops_corners, minmay_small_reverse_x
D:3:      minmay_door_path, layout_basic, dreamdust_ecumenical_altar_grove,
          st_stairs_4, uniq_ijyb, uniq_terence, uniq_robin, uniq_grinder

Skill      XL: |  1  2  3 |
---------------+----------+-----
Invocations    | 2 |  2.2
Dodging        | 4 |  4.2
Short Blades   | 3 |  3.0
Fighting       | |  2.8
Stealth        | |  0.5

Action                   || total
-------------------------++-------
Melee: Short sword       ||   171
       Punch             ||     3
 Stab: Sleeping          ||     4
Armor: Robe              ||    17
Dodge: Dodged            ||   134

Table legend: (Time is in decaauts)
 A = Elapsed time spent in this place.
 B = Non-inter-level travel time spent in this place.
 C = Inter-level travel time spent in this place.
 D = Time resting spent in this place.
 E = Time spent auto-exploring this place.
 F = Levels seen in this place.
 G = Mean time per level.
                   A        B        C        D        E       F      G
               +--------+--------+--------+--------+--------+-----+--------+
         Total |   2550 |   2447 |    103 |    396 |   1663 |   4 |  637.5 |
       Dungeon |   2536 |   2433 |    103 |    396 |   1660 |   3 |  845.3 |
         Abyss |     14 |     14 |      0 |      0 |      3 |   1 |   14.0 |
               +--------+--------+--------+--------+--------+-----+--------+

Top non-repeatable levels by time:
     D:1: 1088 daAuts
     D:2: 955 daAuts
     D:3: 492 daAuts
 Abyss:1: 14 daAuts
